 Dungeon Crawl Stone Soup version 0.23-a0-136-g722f094 (console) character file.

0 toffzen the Sneak (level 1, -1/9 HPs)
             Began as a Spriggan Enchanter on Aug 28, 2018.
             Slain by a frilled lizard (2 damage)
             ... on level 1 of the Dungeon.
             The game lasted 00:01:17 (115 turns).

toffzen the Sneak (Spriggan Enchanter)               Turns: 115, Time: 00:01:18

Health: -1/9       AC:  2    Str:  4    XL:     1   Next: 8%
Magic:  5/5        EV: 18    Int: 16    God:
Gold:   0          SH:  0    Dex: 16    Spells: 4/5 levels left

rFire    . . .     SeeInvis +   a - +1 dagger
rCold    . . .     Gourm    .   (shield restricted)
rNeg     . . .     Faith    .   b - +0 robe
rPois    .         Spirit   .   (helmet restricted)
rElec    .         Reflect  .   (no cloak)
rCorr    .         Harm     .   (gloves unavailable)
MR       .....                  (boots unavailable)
Stlth    +++.......             (no amulet)
HPRegen  0.03/turn              (no ring)
MPRegen  0.09/turn              (no ring)

@: very quick
A: very small, unfitting armour, see invisible, herbivore, speed 3, slow
metabolism 2
a: no special abilities


You were on level 1 of the Dungeon.
You were not hungry.

You visited 1 branch of the dungeon, and saw 1 of its levels.

Inventory:

Hand Weapons
 a - a +1 dagger (weapon)
Missiles
 e - 40 stones (quivered)
Armour
 b - a +0 robe (worn)
Jewellery
 f - a cursed ring of teleportation {unknown}
Scrolls
 c - a scroll of fog {unknown}
Comestibles
 d - a ration


   Skills:
 - Level 1.1 Short Blades
 - Level 3.0 Dodging
 + Level 4.4 Stealth
 + Level 2.7 Spellcasting
 * Level 3.6 Hexes


You had 4 spell levels left.
You knew the following spells:

 Your Spells              Type           Power        Failure   Level  Hunger
a - Corona                Hex            ##.....      4%          1    #......

Your spell library contained the following spells:

 Spells                   Type           Power        Failure   Level  Hunger
 Confuse                  Hex            ##......     13%         3    ###....
 Tukima's Dance           Hex            ##......     13%         3    ###....
 Ensorcelled Hibernation  Hex/Ice        #.....       14%         2    ##.....
 Dazzling Spray           Conj/Hex       #.....       26%         3    ###....


Dungeon Overview and Level Annotations

Branches:
Dungeon (1/15)

Altars:


Innate Abilities, Weirdness & Mutations

You are very small and have problems with some larger weapons.
You are too small for most types of armour.
You have supernaturally acute eyesight. (SInv)
You are a herbivore.
You cover ground extremely quickly.
You need to consume almost no food.


Message History

The bat hits you but does no damage. The bat misses you. The bat misses you.
The bat misses you. The bat hits you.
* * * LOW HITPOINT WARNING * * *
There is an open door here.
You barely miss the bat. The bat misses you.
The bat hits you but does no damage. The bat misses you.
The kobold shouts!
You hit the bat.
The bat is moderately wounded.
The bat misses you.
Welcome back, toffzen the Spriggan Enchanter.
Press ? for a list of commands and other information.
The bat hits you but does no damage.
You hit the frilled lizard.
The frilled lizard is heavily wounded.
The bat misses you. The frilled lizard bites you.
You die...

.......##..#....#
####...##.......## #
#........#..... #
#...##.....# # #
##.###..#.## .# # #.#
#.....## .# #
#.#######.l####.# #
###.....###.....#
#####......K..###...#
...'..K..8.....'lb#.#
#####.........##@...#
###.....###.....#
###'### #.....#
##.....###.....#
#...<...##.......
##.....#######.##.
####### .# . .#


You could see a bat, a kobold and a frilled lizard.

Vanquished Creatures
  A rat (D:1)
1 creature vanquished.

Notes
Turn   | Place    | Note
-------+----------+-------------------------------------------
     0 | D:1      | toffzen the Spriggan Enchanter began the quest for the Orb.
     0 | D:1      | Reached XP level 1. HP: 9/9 MP: 5/5
   115 | D:1      | Slain by a frilled lizard

Vault maps used:
D:1:      minmay_arrival_shattered_statue, ashenzari_altar_1

Action                   || total
-------------------------++-------
Melee: Dagger            ||     5
Armor: Robe              ||     4
Dodge: Dodged            ||    11

Table legend:
 A = Non-vault XP
 B = Vault XP
 C = Vault XP percentage of total XP
 D = Non-vault monster count
 E = Vault monster count
 F = Vault count percentage of total count
                 A         B        C        D         E       F
            +---------+---------+-------+---------+---------+-------
      Total |       1 |       0 |   0.0 |       1 |       0 |   0.0
            +---------+---------+-------+---------+---------+-------
        D:1 |       1 |       0 |   0.0 |       1 |       0 |   0.0
            +---------+---------+-------+---------+---------+-------
